 Dungeon Crawl Stone Soup version 0.28.0-53-g5a82cb258f (webtiles) character file.

Game seed: 7850045504327931530

119 Descartes the Sneak (level 5, -4/36 HPs)
             Began as an Octopode Delver on June 22, 2022.
             Slain by a scorpion (9 damage)
             ... on level 4 of the Dungeon.
             The game lasted 00:00:54 (482 turns).

Descartes the Sneak (Octopode Delver)                Turns: 482, Time: 00:00:55

Health: -4/36      AC:  1    Str: 13    XL:     5   Next: 3%
Magic:  5/5        EV: 14    Int: 13    God:
Gold:   0          SH:  0    Dex: 13    Spells: 4/4 levels left

rFire   . . .      SeeInvis .   j - +0 rapier
rCold   . . .      Faith    .   (no shield)
rNeg    . . .      Spirit   .   (helmet restricted)
rPois   .          Reflect  .   (no amulet)
rElec   .          Harm     .   (no ring)
rCorr   .          Rampage  .   (no ring)
Will    .....                   (no ring)
Stlth   +++++.....              (no ring)
HPRegen 0.12/turn               (no ring)
MPRegen 0.09/turn               (no ring)
                                (no ring)
                                (no ring)

@: hasted, very quick
A: almost no armour, amphibious, 8 rings, camouflage 1, gelatinous body 1,
(nimble swimmer 1), tentacles
a: no special abilities


You were on level 4 of the Dungeon.
You visited 1 branch of the dungeon, and saw 2 of its levels.

Inventory:

Hand Weapons
 a - a +0 short sword
 j - a +0 rapier (weapon)
Missiles
 g - 17 arrows
 h - 20 stones (quivered)
Wands
 f - a wand of digging (3)
Scrolls
 b - a scroll of fog
 c - a scroll of magic mapping
 d - a scroll of fear
Potions
 i - a potion of magic {unknown}
 k - a potion of attraction {unknown}


   Skills:
 - Level 3.0 Fighting
 + Level 3.3 Short Blades
 + Level 3.2 Dodging
 + Level 7.6 Stealth


You had 4 spell levels left.
You didn't know any spells.
Your spell library was empty.

Dungeon Overview and Level Annotations

Branches:
Dungeon (5/15)
 Temple: D:4-7

Altars:

Annotations:
D:4 Edmund


Innate Abilities, Weirdness & Mutations

You cannot wear most types of armour.
You are amphibious.
You can wear up to eight rings at the same time.
Your skin changes colour to match your surroundings (Stealth+).
Your rubbery body absorbs attacks. (AC +1, EV +1)
((You are camouflaged when in or above water. (Stealth+)))
You have tentacles for arms and can constrict up to eight enemies at once.


Message History

Found a scroll of magic mapping and a puce potion.
There is a stone staircase leading down here.
Okay, then.
Edmund the Younger comes into view.
He is wielding a +1 flail of protection and wearing a +4 scale mail of willpower.
You see here a scroll of magic mapping.
A scorpion comes into view.
Edmund shouts!
You hit Edmund but do no damage. You grab Edmund.
You constrict Edmund, but do no damage. Edmund misses you.
You puncture Edmund! You squeeze Edmund, but do no damage.
Edmund is lightly wounded.
You constrict Edmund. Edmund misses you.
You hit Edmund. You squeeze Edmund.
Edmund is moderately wounded.
You constrict Edmund. Edmund closely misses you.
You hit Edmund but do no damage.
Edmund is moderately wounded.
You constrict Edmund, but do no damage.
Edmund hits you with a +1 flail of protection.
You completely miss Edmund.
Edmund is moderately wounded.
You constrict Edmund. The scorpion misses you.
Edmund hits you with a +1 flail of protection!
The scorpion barely misses you.
You hit Edmund but do no damage.
Edmund is heavily wounded.
You constrict Edmund, but do no damage. The scorpion closely misses you.
Edmund closely misses you.
Unknown command.
You feel yourself speed up.
You constrict Edmund, but do no damage. The scorpion misses you.
Edmund hits you with a +1 flail of protection!
You hit Edmund. You squeeze Edmund.
Edmund is severely wounded.
You constrict Edmund, but do no damage. The scorpion stings you!
* * * LOW HITPOINT WARNING * * *
You hit Edmund.
Edmund is severely wounded.
You constrict Edmund. Edmund completely misses you. The scorpion stings you!
You die...

...# # #..# ##.
#..####
....#####.>...#
#..........##.##
#...##...........
#.....!.?...#.#..
#.......#.......
#.#...s@#........
#....@###......
......... .#.#..
#.#....### .#.#..
# #.#.. # ......
###.... #.#..


You could see Edmund and a scorpion.

Vanquished Creatures
  A scorpion (D:5)
  A hound (D:5)
  An iguana (D:5)
  An orc (D:5)
4 creatures vanquished.

Notes
Turn   | Place    | Note
-------+----------+-------------------------------------------
     0 | D:5      | Descartes the Octopode Delver began the quest for the Orb.
     0 | D:5      | Reached XP level 1. HP: 16/16 MP: 1/1
     5 | D:5      | Noticed a hound
    13 | D:5      | Killed a hound
    14 | D:5      | Reached skill level 7 in Stealth
    14 | D:5      | Reached XP level 2. HP: 21/21 MP: 2/2
    14 | D:5      | Reached XP level 3. HP: 26/26 MP: 3/3
   230 | D:5      | Reached XP level 4. HP: 18/31 MP: 4/4
   420 | D:5      | Noticed a scorpion
   425 | D:5      | Killed a scorpion
   426 | D:5      | Reached XP level 5. HP: 36/36 MP: 5/5
   470 | D:4      | Noticed Edmund
   482 | D:4      | Slain by a scorpion

Illustrated notes

Levels and vault maps discovered:
D:4:      layout_basic, lightli_sewer_entry_pipes, uniq_menkaure, uniq_edmund,
          uniq_pikel
D:5:      layout_basic

Skill      XL: |  1  2  3  4 |
---------------+-------------+-----
Stealth        | 7 |  7.6
Short Blades   | 3 |  3.3
Dodging        | 3 |  3.2
Fighting       | |  3.0

Action                   |  1- 3 |  4- 6 || total
-------------------------+-------+-------++-------
Melee: Short sword       |    11 |     1 ||    12
       Constrict         |     2 |     1 ||     3
       Tentacles         |     2 |     3 ||     5
       Punch             |     1 |       ||     1
       Rapier            |       |     8 ||     8
  Use: Potion            |       |     1 ||     1
 Stab: Sleeping          |     2 |     1 ||     3
Dodge: Dodged            |     8 |     9 ||    17
